 Dungeon Crawl Stone Soup version 0.15-a0-1269-g8ca96ae (webtiles) character file.

67 Crauler the Ruffian (level 3, -1/29 HPs)
             Began as a Draconian Transmuter on June 5, 2014.
             Slain by an adder (5 damage)
             ... on Level 2 of the Dungeon.
             The game lasted 00:02:08 (1362 turns).

Crauler the Ruffian (Draconian Transmuter)          Turns: 1362, Time: 00:02:08

HP  -1/29        AC  7     Str 12      XL: 3   Next: 98%
MP   6/6         EV 12     Int 14      God:
Gold 94          SH  0     Dex 11      Spells:  2 memorised,  2 levels left

rFire  . . .     SeeInvis .       - Unarmed
rCold  . . .     Clarity  .     (armour unavailable)
rNeg   . . .     rCorr    .     (no shield)
rPois  .         rRot     .     g - +2 hat
rElec  .         Spirit   .     (no cloak)
SustAb .         Warding  .     (no gloves)
rMut   .         Stasis   .     (boots unavailable)
Gourm  .                        (no amulet)
MR     .....                    (no ring)
                                (no ring)

@: lethally poisoned, appendage (expiring), not resistant to hostile
enchantments, very unstealthy
A: unfitting armour, talons 3, cold-blooded, AC +5
a: End Transformation


You were on level 2 of the Dungeon.
You were very hungry.
You had grown temporary talons.
You visited 1 branch of the dungeon, and saw 2 of its levels.

You collected 94 gold pieces.

Inventory:

Missiles
 b - 12 arrows
Armour
 g - a +2 hat (worn)
Comestibles
 a - 2 bread rations
 k - a beef jerky
 q - 4 rotting chunks of jackal flesh
Scrolls
 e - a scroll of teleportation {unknown}
 f - 2 scrolls of recharging {unknown}
 h - a scroll of fog {unknown}
 m - a scroll of remove curse {unknown}
Potions
 c - a potion of resistance {unknown}
 i - 2 potions of agility {unknown}
 j - a potion of curing {unknown}
 l - a potion of restore abilities {unknown}
 n - a potion of heal wounds {unknown}
 o - a potion of lignification {unknown}
Books
 d - a book of Changes

   Spells                             Type                      Level
   *Beastly Appendage                 Transmutation                1
   Sticks to Snakes                   Transmutation                2
   *Spider Form                       Transmutation/Poison         3
   Ice Form                           Ice/Transmutation            4
   Blade Hands                        Transmutation                5


   Skills:
 + Level 1.9 Fighting
 + Level 2.2 Dodging
 + Level 3.5 Unarmed Combat
 + Level 2.3 Spellcasting
 + Level 2.6 Transmutations


You had 2 spell levels left.
You knew the following spells:

 Your Spells              Type           Power        Failure   Level  Hunger
a - Beastly Appendage     Trmt           #.....       10%         1    #......
b - Spider Form           Trmt/Pois      #.........   47%         3    ####...


Dungeon Overview and Level Annotations

Branches:
Dungeon (2/15)

Altars:
The Shining One


Innate Abilities, Weirdness & Mutations

Your plain brown scales are hard (AC +5).*
Your body does not fit into most forms of armour.
Your cold-blooded metabolism reacts poorly to cold.*
You have claws for feet.*


Message History

You feel sick. The adder bites you.
* * * LOW HITPOINT WARNING * * *
You barely miss the adder.
The adder is severely wounded.
The adder bites you but does no damage.
You barely miss the adder. Your kick misses the adder.
Your tail-slap misses the adder.
The adder is severely wounded.
Your transformation is almost over.
The adder bites you but does no damage. The adder closely misses you.
You barely miss the adder. Your kick misses the adder.
The adder is severely wounded.
The adder barely misses you.
You hit the adder but do no damage.
The adder is severely wounded.
You feel sick. The adder closely misses you.
You closely miss the adder. You claw the adder.
The adder is almost dead.
The adder bites you.
You die...

............##.......'
........>....##.......#
#..............#.......#
#(....8.....8..+.......#
#.............##.......#
#............###.......#
#....)......## #.......#
#....%.S..>.# ####'####
#......@....# #.#
#.....).....# ####.#
#########'### #...%#
###..# ##'####### #...##
#........# #####'###
#........# #.......#
#........# #.......#
#........# #.......####
#.........


You could see an adder.

Vanquished Creatures
  2 adders (D:2)
  A worm (D:2)
  7 bats (D:1)
  4 giant cockroaches (D:1)
  4 goblins
  6 hobgoblins
  4 jackals (D:2)
  7 kobolds
  A giant newt (D:2)
  A rat (D:1)
37 creatures vanquished.

Notes
Turn   | Place    | Note
--------------------------------------------------------------
     0 | D:1      | Crauler, the Draconian Transmuter, began the quest for the Orb.
     0 | D:1      | Reached XP level 1. HP: 16/16 MP: 3/3
   145 | D:1      | Reached XP level 2. HP: 18/23 MP: 4/4
   852 | D:2      | Reached XP level 3. HP: 19/28 MP: 6/6
   857 | D:2      | Learned a level 3 spell: Spider Form
   879 | D:2      | Found a glowing golden altar of the Shining One.
  1362 | D:2      | Slain by an adder

Action                   || total
-------------------------++-------
Melee: Unarmed           ||   199
 Cast: Beastly Appendage ||     3
 Stab: Sleeping          ||     1
